TOP OF THE 1ST |
Victoria Capitals batting - Pitching for Kelowna Heat : RHP Sam Burrill
|
Pitching: RHP Sam Burrill
|
|
Batting: RHB Mike Reynolds
|
0-0: Called Strike 0-1: Foul Ball, location: 2F 0-2: Fly out, F4 (Popup, 3S, EV 83.1 MPH)
|
Batting: RHB Antonio Arechiga
|
0-0: Called Strike 0-1: Ball 1-1: Ground out 4-3 (Groundball, 4, EV 106.2 MPH)
|
Batting: LHB Jason Cary
|
0-0: Ball 1-0: Ball 2-0: Swinging Strike 2-1: Foul Ball, location: 2F 2-2: Strikes out swinging
|
Top of the 1st over - 0 runs, 0 hits, 0 errors, 0 left on base; Victoria 0 - Kelowna 0 |
BOTTOM OF THE 1ST |
Kelowna Heat batting - Pitching for Victoria Capitals : LHP Jon Lyda
|
Pitching: LHP Jon Lyda
|
|
Batting: RHB Soichi Kaneshiro
|
0-0: Ball 1-0: SINGLE (Line Drive, 7LS, EV 109.4 MPH)
|
Batting: SHB Michael Woodard
|
0-0: Grounds into double play, 4-6-3 (Groundball, 34, EV 90.0 MPH)
|
Batting: LHB Alex Larangho
|
0-0: Called Strike 0-1: Ball 1-1: Ball 2-1: Ball 3-1: Base on Balls
|
Batting: RHB Joey Black
|
0-0: Foul Ball, location: 2F 0-1: Ball 1-1: Ball 2-1: Foul Ball, location: 2F 2-2: Foul Ball, location: 2F 2-2: Fielders Choice at 2nd, 5-4 (Groundball, 56, EV 83.1 MPH)
|
Bottom of the 1st over - 0 runs, 1 hit, 0 errors, 1 left on base; Victoria 0 - Kelowna 0 |
TOP OF THE 2ND |
Victoria Capitals batting - Pitching for Kelowna Heat : RHP Sam Burrill
|
Batting: RHB Hyeon-cheong Lee
|
0-0: Swinging Strike 0-1: Foul Ball, location: 2F 0-2: Ball 1-2: SINGLE (Groundball, 56S, EV 70.0 MPH) (infield hit)
|
Batting: LHB Willard Balcome
|
0-0: Ball 1-0: Grounds into double play, 4-6-3 (Groundball, 34D, EV 82.5 MPH)
|
Batting: SHB Rich Roberts
|
0-0: Ball 1-0: Ball 2-0: Swinging Strike 2-1: Foul Ball, location: 2F 2-2: Strikes out swinging, 2-3 out at first.
|
Top of the 2nd over - 0 runs, 1 hit, 0 errors, 0 left on base; Victoria 0 - Kelowna 0 |
BOTTOM OF THE 2ND |
Kelowna Heat batting - Pitching for Victoria Capitals : LHP Jon Lyda
|
Batting: RHB Sean Gilbert
|
0-0: Swinging Strike 0-1: Foul Ball, location: 2F 0-2: Fly out, F6 (Popup, P, EV 75.0 MPH)
|
Batting: RHB Jose Sanchez
|
0-0: Ball 1-0: Ball 2-0: Ball 3-0: Base on Balls
|
Batting: RHB Glen Limeburner
|
0-0: Called Strike 0-1: Foul Ball, location: 2F 0-2: Ball 1-2: Ball 2-2: SINGLE (Line Drive, 6M, EV 96.9 MPH) Jose Sanchez to second
|
Batting: LHB Robert Leary
|
0-0: Ball 1-0: Ball 2-0: Foul Ball, location: 2F 2-1: Ball 3-1: Base on Balls Jose Sanchez to third Glen Limeburner to second
|
Batting: RHB Joe Nelson
|
0-0: Ball 1-0: Swinging Strike 1-1: Ball 2-1: Foul Ball, location: 2F 2-2: Ball 3-2: Foul Ball, location: 2F 3-2: Base on Balls Jose Sanchez scores Glen Limeburner to third Robert Leary to second
|
Batting: RHB Soichi Kaneshiro
|
0-0: Ball 1-0: Swinging Strike 1-1: Swinging Strike 1-2: Ball 2-2: Strikes out looking
|
Batting: SHB Michael Woodard
|
0-0: Called Strike 0-1: Swinging Strike 0-2: Ball 1-2: Strikes out swinging
|
Bottom of the 2nd over - 1 run, 1 hit, 0 errors, 3 left on base; Victoria 0 - Kelowna 1 |
TOP OF THE 3RD |
Victoria Capitals batting - Pitching for Kelowna Heat : RHP Sam Burrill
|
Batting: LHB Mike Jones
|
0-0: Called Strike 0-1: Foul Ball, location: 2F 0-2: Ball 1-2: Ball 2-2: Strikes out swinging passed ball, reaches first!
|
Batting: RHB Ray Wathey
|
0-0: Called Strike Mike Jones is caught stealing 2nd base 2-4 0-1: Ball 1-1: SINGLE (Line Drive, 56D, EV 98.8 MPH)
|
Batting: RHB Kyung-hwan Lee
|
0-0: Fly out, F8 (Flyball, 8LM, EV 82.5 MPH)
|
Batting: RHB Mike Reynolds
|
0-0: Called Strike 0-1: Called Strike 0-2: Ball 1-2: Fielders Choice at 2nd, 6-4 (Groundball, 6, EV 105.6 MPH)
|
Top of the 3rd over - 0 runs, 1 hit, 0 errors, 1 left on base; Victoria 0 - Kelowna 1 |
BOTTOM OF THE 3RD |
Kelowna Heat batting - Pitching for Victoria Capitals : LHP Jon Lyda
|
Batting: LHB Alex Larangho
|
0-0: Foul Ball, location: 2F 0-1: Ball 1-1: Foul Ball, location: 2F 1-2: DOUBLE (Flyball, 9LD, EV 108.8 MPH)
|
Batting: RHB Joey Black
|
0-0: Called Strike 0-1: Ball 1-1: Swinging Strike 1-2: Foul Ball, location: 2F 1-2: Ball 2-2: Ball 3-2: Base on Balls
|
Batting: RHB Sean Gilbert
|
0-0: Called Strike 0-1: Ball 1-1: Ball 2-1: Ball 3-1: Called Strike 3-2: Fly out, F8 (Line Drive, 78D, EV 101.9 MPH)
|
Batting: RHB Jose Sanchez
|
0-0: Ball 1-0: Ball 2-0: SINGLE (Groundball, 6D, EV 97.5 MPH) Alex Larangho to third Joey Black to second Runner from 3rd tries for Home, throw by CF and OUT! 8-2
|
Batting: RHB Glen Limeburner
|
0-0: Swinging Strike 0-1: Called Strike 0-2: Ball 1-2: Strikes out swinging
|
Bottom of the 3rd over - 0 runs, 2 hits, 0 errors, 2 left on base; Victoria 0 - Kelowna 1 |
TOP OF THE 4TH |
Victoria Capitals batting - Pitching for Kelowna Heat : RHP Sam Burrill
|
Batting: RHB Antonio Arechiga
|
0-0: Called Strike 0-1: Fly out, F9 (Flyball, 89M, EV 95.6 MPH)
|
Batting: LHB Jason Cary
|
0-0: Reached on error, E6 (Groundball, 4M, EV 78.1 MPH)
|
Batting: RHB Hyeon-cheong Lee
|
0-0: Ball 1-0: Ball 2-0: Ball 3-0: Called Strike 3-1: Fly out, F7 (Flyball, 7, EV 85.0 MPH)
|
Batting: LHB Willard Balcome
|
0-0: Ball 1-0: Foul Ball, location: 2F 1-1: Foul Ball, location: 2F 1-2: Foul Ball, location: 2F 1-2: Strikes out looking
|
Top of the 4th over - 0 runs, 0 hits, 1 error, 1 left on base; Victoria 0 - Kelowna 1 |
BOTTOM OF THE 4TH |
Kelowna Heat batting - Pitching for Victoria Capitals : LHP Jon Lyda
|
Pitching: RHP Arthur Adams
|
|
Batting: LHB Robert Leary
|
0-0: Called Strike 0-1: Ball 1-1: Fly out, F8 (Line Drive, 8LD, EV 83.8 MPH)
|
Batting: RHB Joe Nelson
|
0-0: Ball 1-0: Swinging Strike 1-1: Ball 2-1: Ball 3-1: Base on Balls
|
Batting: RHB Soichi Kaneshiro
|
0-0: Ball 1-0: Fielders Choice at 2nd, 4-6 (Groundball, 4M, EV 105.0 MPH)
|
Batting: SHB Michael Woodard
|
0-0: Ball 1-0: Fielders Choice at 2nd, 5-4 (Groundball, 56, EV 106.2 MPH)
|
Bottom of the 4th over - 0 runs, 0 hits, 0 errors, 1 left on base; Victoria 0 - Kelowna 1 |
TOP OF THE 5TH |
Victoria Capitals batting - Pitching for Kelowna Heat : RHP Sam Burrill
|
Batting: SHB Rich Roberts
|
0-0: Called Strike 0-1: Foul Ball, location: 2F 0-2: Ball 1-2: Strikes out swinging
|
Batting: LHB Mike Jones
|
0-0: Ball 1-0: Foul Ball, location: 2F 1-1: Foul Ball, location: 2F 1-2: Strikes out swinging
|
Batting: RHB Ray Wathey
|
0-0: Reached on error, E3 (Groundball, 34S, EV 78.1 MPH)
|
Batting: RHB Kyung-hwan Lee
|
0-0: Called Strike 0-1: SINGLE (Groundball, 56S, EV 71.9 MPH) (infield hit) Ray Wathey to second
|
Batting: RHB Mike Reynolds
|
0-0: Called Strike 0-1: Foul Ball, location: 2F 0-2: Foul Ball, location: 2F 0-2: Strikes out swinging
|
Top of the 5th over - 0 runs, 1 hit, 1 error, 2 left on base; Victoria 0 - Kelowna 1 |
BOTTOM OF THE 5TH |
Kelowna Heat batting - Pitching for Victoria Capitals : RHP Arthur Adams
|
Batting: LHB Alex Larangho
|
0-0: Called Strike 0-1: Ball 1-1: Foul Ball, location: 2F 1-2: Ball 2-2: SOLO HOME RUN (Flyball, 9D, EV 97.5 MPH), Distance : 380 ft
|
Batting: RHB Joey Black
|
0-0: Hit by Pitch
|
Batting: RHB Sean Gilbert
|
0-0: Foul Ball, location: 2F 0-1: Called Strike 0-2: Strikes out looking
|
Batting: RHB Jose Sanchez
|
0-0: Ball 1-0: Foul Ball, location: 2F 1-1: Swinging Strike 1-2: Fly out, F8 (Flyball, 8LM, EV 95.0 MPH)
|
Batting: RHB Glen Limeburner
|
0-0: Ball 1-0: Ball 2-0: Foul Ball, location: 2F 2-1: Ball 3-1: Called Strike 3-2: Foul Ball, location: 2F 3-2: Base on Balls Joey Black to second
|
Batting: LHB Robert Leary
|
0-0: Called Strike 0-1: Foul Ball, location: 2F 0-2: Foul Ball, location: 2F 0-2: Strikes out swinging
|
Bottom of the 5th over - 1 run, 1 hit, 0 errors, 2 left on base; Victoria 0 - Kelowna 2 |
TOP OF THE 6TH |
Victoria Capitals batting - Pitching for Kelowna Heat : RHP Sam Burrill
|
Batting: RHB Antonio Arechiga
|
0-0: Fly out, F9 (Flyball, 9LMF, EV 97.5 MPH)
|
Batting: LHB Jason Cary
|
0-0: Swinging Strike 0-1: SINGLE (Line Drive, 89S, EV 86.9 MPH)
|
Batting: RHB Hyeon-cheong Lee
|
0-0: Ball 1-0: Ball 2-0: Fly out, F1 (Line Drive, P, EV 71.2 MPH)
|
Batting: LHB Willard Balcome
|
0-0: Ball 1-0: Ball 2-0: Called Strike 2-1: Called Strike 2-2: Foul Ball, location: 2F 2-2: Ground out U3 (Groundball, 3, EV 85.6 MPH)
|
Top of the 6th over - 0 runs, 1 hit, 0 errors, 1 left on base; Victoria 0 - Kelowna 2 |
BOTTOM OF THE 6TH |
Kelowna Heat batting - Pitching for Victoria Capitals : RHP Arthur Adams
|
Batting: RHB Joe Nelson
|
0-0: Ball 1-0: Called Strike 1-1: Ball 2-1: Swinging Strike 2-2: Ball 3-2: Fly out, F8 (Flyball, 8RXD, EV 104.4 MPH)
|
Batting: RHB Soichi Kaneshiro
|
0-0: Called Strike 0-1: Foul Ball, location: 2F 0-2: Foul Ball, location: 2F 0-2: Ball 1-2: Ball 2-2: Ground out 6-3 (Groundball, 6, EV 77.5 MPH)
|
Batting: SHB Michael Woodard
|
0-0: Ball 1-0: Ball 2-0: Foul Ball, location: 2F 2-1: Called Strike 2-2: Strikes out swinging
|
Bottom of the 6th over - 0 runs, 0 hits, 0 errors, 0 left on base; Victoria 0 - Kelowna 2 |
TOP OF THE 7TH |
Victoria Capitals batting - Pitching for Kelowna Heat : RHP Sam Burrill
|
Batting: SHB Rich Roberts
|
0-0: Swinging Strike 0-1: Foul Ball, location: 2F 0-2: Strikes out looking
|
Batting: LHB Mike Jones
|
0-0: Fly out, F8 (Flyball, 8LXD, EV 103.1 MPH)
|
Batting: RHB Ray Wathey
|
0-0: Ball 1-0: Ball 2-0: Called Strike 2-1: Called Strike 2-2: Strikes out swinging
|
Top of the 7th over - 0 runs, 0 hits, 0 errors, 0 left on base; Victoria 0 - Kelowna 2 |
BOTTOM OF THE 7TH |
Kelowna Heat batting - Pitching for Victoria Capitals : RHP Arthur Adams
|
Pitching: RHP Andy Schmidt
|
|
Batting: LHB Alex Larangho
|
0-0: Called Strike 0-1: Foul Ball, location: 2F 0-2: Foul Ball, location: 2F 0-2: Ball 1-2: Foul Ball, location: 2F 1-2: Foul Ball, location: 2F 1-2: Ball 2-2: Ball 3-2: Base on Balls
|
Batting: RHB Joey Black
|
0-0: Foul Ball, location: 2F 0-1: Foul Ball, location: 2F 0-2: Ball 1-2: Ball 2-2: Ball 3-2: Fly out, F3 (Popup, 3SF, EV 86.2 MPH)
|
Batting: RHB Sean Gilbert
|
0-0: Ball 1-0: Ball 2-0: Swinging Strike 2-1: Foul Ball, location: 2F 2-2: Ball 3-2: Foul Ball, location: 2F 3-2: Strikes out swinging Alex Larangho is caught stealing 2nd base 2-4 Batter strikes out.
|
Bottom of the 7th over - 0 runs, 0 hits, 0 errors, 0 left on base; Victoria 0 - Kelowna 2 |
TOP OF THE 8TH |
Victoria Capitals batting - Pitching for Kelowna Heat : RHP Sam Burrill
|
Batting: RHB Kyung-hwan Lee
|
0-0: Ball 1-0: Foul Ball, location: 2F 1-1: Swinging Strike 1-2: Foul Ball, location: 2F 1-2: Foul Ball, location: 2F 1-2: Foul Ball, location: 2F 1-2: Ball 2-2: Foul Ball, location: 2F 2-2: Ball 3-2: Foul Ball, location: 2F 3-2: Base on Balls
|
Pinch Hitting: LHB Adam Lupfer
|
0-0: Ball 1-0: Called Strike 1-1: Swinging Strike 1-2: Ball 2-2: Strikes out swinging
|
Pinch Hitting: RHB Nick Ellis
|
0-0: Ball 1-0: 2-RUN HOME RUN (Flyball, 7D, EV 102.5 MPH), Distance : 400 ft
|
Batting: RHB Roberto Medina
|
0-0: Ball 1-0: Called Strike 1-1: Ball 2-1: Swinging Strike 2-2: Ball 3-2: Foul Ball, location: 2F 3-2: Base on Balls
|
Pitching: RHP Carlos Florez
|
|
Pinch Hitting: LHB Yen-ti Zhu
|
0-0: Foul Ball, location: 2F 0-1: Swinging Strike 0-2: Ball 1-2: Ball 2-2: Foul Ball, location: 2F 2-2: Ball 3-2: Grounds into double play, 3-6-3 (Groundball, 3, EV 83.8 MPH)
|
Top of the 8th over - 2 runs, 1 hit, 0 errors, 0 left on base; Victoria 2 - Kelowna 2 |
BOTTOM OF THE 8TH |
Kelowna Heat batting - Pitching for Victoria Capitals : RHP Andy Schmidt
|
Pitching: RHP Fernando Aguirre
|
|
Now at 3B: Nick Ellis
|
|
Now in CF: Rick Harrison
|
|
Now in RF: Adam Lupfer
|
|
Batting: RHB Jose Sanchez
|
0-0: Ball 1-0: Called Strike 1-1: Foul Ball, location: 2F 1-2: SINGLE (Groundball, 6D, EV 101.2 MPH)
|
Batting: RHB Glen Limeburner
|
0-0: Swinging Strike 0-1: Ball 1-1: Fielders Choice at 2nd, U6 (Groundball, P, EV 87.5 MPH)
|
Pitching: RHP Kevin Stodart
|
|
Pinch Hitting: RHB Mike Storey
|
0-0: Ball 1-0: Foul Ball, location: 2F 1-1: SINGLE (Groundball, 6MD, EV 94.4 MPH) Glen Limeburner to second
|
Batting: RHB Joe Nelson
|
0-0: Grounds into double play, 5-4-3 (Groundball, 56S, EV 83.1 MPH)
|
Bottom of the 8th over - 0 runs, 2 hits, 0 errors, 1 left on base; Victoria 2 - Kelowna 2 |
TOP OF THE 9TH |
Victoria Capitals batting - Pitching for Kelowna Heat : RHP Carlos Florez
|
Now in RF: Mike Storey
|
|
Pinch Hitting: RHB Jeremy Marin
|
0-0: Ball 1-0: Foul Ball, location: 2F 1-1: Ball 2-1: Foul Ball, location: 2F 2-2: Fly out, F9 (Flyball, 9S, EV 87.5 MPH)
|
Pinch Hitting: RHB Josh Rentz
|
0-0: Ball 1-0: Ball 2-0: Ball 3-0: Base on Balls
|
Pinch Hitting: RHB Rowan Prince
|
0-0: Called Strike 0-1: Swinging Strike 0-2: Ball 1-2: Fly out, F9 (Flyball, 9D, EV 73.1 MPH)
|
Batting: RHB Ray Wathey
|
0-0: Swinging Strike 0-1: Ball 1-1: Foul Ball, location: 2F 1-2: Strikes out looking
|
Top of the 9th over - 0 runs, 0 hits, 0 errors, 1 left on base; Victoria 2 - Kelowna 2 |
BOTTOM OF THE 9TH |
Kelowna Heat batting - Pitching for Victoria Capitals : RHP Kevin Stodart
|
Now at 1B: Rowan Prince
|
|
Now at 2B: Jeremy Marin
|
|
Now in LF: Kevin Harris
|
|
Batting: RHB Soichi Kaneshiro
|
0-0: Ball 1-0: Ground out 6-3 (Groundball, 6, EV 100.0 MPH)
|
Batting: SHB Michael Woodard
|
0-0: Swinging Strike 0-1: Swinging Strike 0-2: Ball 1-2: Strikes out looking
|
Batting: LHB Alex Larangho
|
0-0: Foul Ball, location: 2F 0-1: Swinging Strike 0-2: Strikes out swinging
|
Bottom of the 9th over - 0 runs, 0 hits, 0 errors, 0 left on base; Victoria 2 - Kelowna 2 |
TOP OF THE 10TH |
Victoria Capitals batting - Pitching for Kelowna Heat : RHP Carlos Florez
|
Pitching: RHP Phil Berry
|
|
Batting: RHB Kyung-hwan Lee
|
0-0: Ball 1-0: Swinging Strike 1-1: Ball 2-1: Called Strike 2-2: Strikes out looking
|
Batting: LHB Adam Lupfer
|
0-0: Ball 1-0: Fly out, F8 (Flyball, 8LXD, EV 100.6 MPH)
|
Batting: RHB Nick Ellis
|
0-0: Foul Ball, location: 2F 0-1: Fly out, F8 (Flyball, 8RD, EV 95.6 MPH)
|
Top of the 10th over - 0 runs, 0 hits, 0 errors, 0 left on base; Victoria 2 - Kelowna 2 |
BOTTOM OF THE 10TH |
Kelowna Heat batting - Pitching for Victoria Capitals : RHP Kevin Stodart
|
Pitching: RHP Charlie Bowden
|
|
Batting: RHB Joey Black
|
0-0: Ball 1-0: Called Strike 1-1: Swinging Strike 1-2: Ball 2-2: DOUBLE (Line Drive, 78D, EV 97.5 MPH)
|
Batting: RHB Sean Gilbert
|
0-0: Called Strike 0-1: Foul Ball, location: 2F 0-2: Foul Ball, location: 2F 0-2: Ball 1-2: Foul Ball, location: 2F 1-2: Ball 2-2: Foul Ball, location: 2F 2-2: Foul Ball, location: 2F 2-2: Strikes out swinging
|
Batting: RHB Jose Sanchez
|
0-0: Intentional Walk
|
Batting: RHB Glen Limeburner
|
0-0: Ball 1-0: Ball 2-0: Ball 3-0: Called Strike 3-1: SINGLE (Groundball, 5S, EV 65.6 MPH) (infield hit) Joey Black to third Jose Sanchez to second
|
Batting: RHB Mike Storey
|
0-0: Ball 1-0: Ball 2-0: Foul Ball, location: 2F 2-1: Foul Ball, location: 2F 2-2: Foul Ball, location: 2F 2-2: Foul Ball, location: 2F 2-2: Ball 3-2: Foul Ball, location: 2F 3-2: Fly out, F9 (Line Drive, 89M, EV 91.9 MPH)
|
Pinch Hitting: LHB Ricardo Torres
|
0-0: Called Strike 0-1: Foul Ball, location: 2F 0-2: Fielders Choice at 2nd, 6-4 (Groundball, 6, EV 90.0 MPH)
|
Bottom of the 10th over - 0 runs, 2 hits, 0 errors, 3 left on base; Victoria 2 - Kelowna 2 |
TOP OF THE 11TH |
Victoria Capitals batting - Pitching for Kelowna Heat : RHP Phil Berry
|
Now at C: Jason Fink
|
|
Batting: RHB Roberto Medina
|
0-0: Ball 1-0: Ball 2-0: Ball 3-0: Base on Balls
|
Batting: LHB Rick Harrison
|
0-0: Ball 1-0: Ball 2-0: Ball 3-0: Called Strike 3-1: Foul Ball, location: 2F 3-2: 2-RUN HOME RUN (Flyball, 7LD, EV 97.5 MPH), Distance : 369 ft
|
Batting: RHB Jeremy Marin
|
0-0: Called Strike 0-1: Ball 1-1: Ball 2-1: Ground out 6-3 (Groundball, 6, EV 80.0 MPH)
|
Pitching: RHP Jerry Schlaak
|
|
Batting: RHB Kevin Harris
|
0-0: Called Strike 0-1: Foul Ball, location: 2F 0-2: Ball 1-2: Strikes out looking
|
Batting: RHB Rowan Prince
|
0-0: Called Strike 0-1: Ball 1-1: Foul Ball, location: 2F 1-2: Strikes out swinging
|
Top of the 11th over - 2 runs, 1 hit, 0 errors, 0 left on base; Victoria 4 - Kelowna 2 |
BOTTOM OF THE 11TH |
Kelowna Heat batting - Pitching for Victoria Capitals : RHP Charlie Bowden
|
Pitching: LHP Frank White
|
|
Batting: RHB Soichi Kaneshiro
|
0-0: Ball 1-0: Called Strike 1-1: Swinging Strike 1-2: Ball 2-2: Ground out 5-3 (Groundball, 56S, EV 73.1 MPH)
|
Batting: SHB Michael Woodard
|
0-0: Foul Ball, location: 2F 0-1: Ball 1-1: Ball 2-1: Foul Ball, location: 2F 2-2: Foul Ball, location: 2F 2-2: Ground out 6-3 (Groundball, 6MD, EV 85.0 MPH)
|
Batting: LHB Alex Larangho
|
0-0: Ball 1-0: Called Strike 1-1: Foul Ball, location: 2F 1-2: Ball 2-2: Ball 3-2: Strikes out swinging
|
Bottom of the 11th over - 0 runs, 0 hits, 0 errors, 0 left on base; Victoria 4 - Kelowna 2 |
|